WCHLSIM.com - West Coast Hockey League
html PUBLIC "-//W3C//DTD XHTML 1.0 Transitional//EN" "http://www.w3.org/TR/xhtml1/DTD/xhtml1-transitional.dtd"> WCHL - Game 443 - SAN FRANCISCO SPIDERS vs LONG BEACH BARACUDAS

SAN FRANCISCO SPIDERS vs LONG BEACH BARACUDAS

Created - 15 décembre 2023 at 00:22

Goals
1 2 3 T
SAN FRANCISCO SPIDERS 1 1 1 3
LONG BEACH BARACUDAS 0 0 1 1
Shots
1 2 3 T
SAN FRANCISCO SPIDERS 13 15 4 32
LONG BEACH BARACUDAS 6 9 8 23

1st period

1. SAN FRANCISCO SPIDERS , Darnell Nurse 4 (Sebastian Aho 16, Zach Hyman 19) at 3:01

Penalties :
Teuvo Teravainen (LOB) for Hooking (Minor) at 16:00

2nd period

2. SAN FRANCISCO SPIDERS , Trevor Moore 3 (Kirby Dach 10, Kyle Palmieri 9) at 5:57

Penalties :
Jacob Middleton (SAF) for Holding (Minor) at 1:31, Jaden Schwartz (LOB) for Holding (Minor) at 1:57, Kyle Palmieri (SAF) for Interference (Minor) at 12:50, Anton Stralman (LOB) for Interference (Minor) at 15:36

3rd period

3. LONG BEACH BARACUDAS , Matt Irwin 2 (Seth Jarvis 14, Derek Stepan 2) at 4:47
4. SAN FRANCISCO SPIDERS , Jared McCann 10 (Sebastian Aho 17) at 13:33

Penalties :
Craig Smith (LOB) for Roughing (Minor) at 1:55, Kyle Palmieri (SAF) for Delaying the game (Minor) at 1:55, Darnell Nurse (SAF) for Slashing (Minor) at 10:00, Darnell Nurse (SAF) for Interference (Minor) at 19:59

Goalie Stats

Igor Shesterkin (SAF), 22 saves from 23 shots - (0,957), W, 16-4-1, 60:00 minutes
Ukko-Pekka Luukkonen (LOB), 29 saves from 32 shots - (0,906), L, 3-4-0, 60:00 minutes

Players Stats for SAN FRANCISCO SPIDERS

Player Name              G  A  P  +/- PIM S  H  SB GA TA FO     MP     PP MP  PK MP  
------------------------------------------------------------------------------------
Andrei Svechnikov        0  0  0  -1  0   2  4  0  0  0  0/4    18:28   2:08   0:00 
Bo Horvat                0  0  0  -1  0   6  2  0  0  0  17/24  22:33   2:16   2:27 
Brenden Dillon           0  0  0   1  0   1  0  3  0  0  0/0    18:48   1:41   2:24 
Dakota Joshua            0  0  0   0  0   0  1  0  0  0  0/2     3:22   0:00   0:00 
Darnell Nurse            1  0  1   0  4   5  0  4  0  0  0/0    24:59   1:41   1:13 
Eeli Tolvanen            0  0  0   0  0   2  0  0  0  0  1/2     2:42   0:00   0:00 
Erik Gudbranson          0  0  0   1  0   0  0  0  0  0  0/0    11:11   0:00   0:00 
Jacob Middleton          0  0  0   0  2   0  2  0  0  0  0/0    18:01   0:00   2:09 
Jared McCann             1  0  1   2  0   4  0  1  0  0  0/1    17:47   2:08   0:00 
Kirby Dach               0  1  1   1  0   3  4  0  0  0  7/19   12:59   0:00   0:00 
Kyle Palmieri            0  1  1   1  4   1  0  0  0  0  0/0    12:57   0:00   0:00 
Michael Anderson         0  0  0   1  0   0  1  4  0  0  0/0    22:59   2:43   1:01 
Sean Durzi               0  0  0   1  0   0  1  1  0  0  0/0    23:59   2:43   2:01 
Sebastian Aho            0  2  2   2  0   3  3  0  0  0  16/25  21:06   2:08   1:57 
Trent Frederic           0  0  0   0  0   0  1  0  0  0  0/0     2:42   0:00   0:00 
Trevor Moore             1  0  1   1  0   3  0  0  0  0  0/0    12:59   0:00   0:00 
Viktor Arvidsson         0  0  0  -1  0   0  0  0  0  0  0/1    21:41   2:16   1:43 
Zach Hyman               0  1  1   2  0   2  1  0  0  0  4/7    22:46   2:16   2:41 

Players Stats for LONG BEACH BARACUDAS

Player Name              G  A  P  +/- PIM S  H  SB GA TA FO     MP     PP MP  PK MP  
------------------------------------------------------------------------------------
Alexander Romanov        0  0  0  -1  0   1  2  0  0  0  0/0    24:58   2:37   2:34 
Andreas Athanasiou       0  0  0   0  0   2  0  0  0  0  0/0    13:14   2:32   0:00 
Anton Stralman           0  0  0  -1  2   0  1  0  0  0  0/0    18:19   0:40   0:14 
Boris Katchouk           0  0  0   0  0   0  0  0  0  0  0/0     0:29   0:00   0:00 
Calvin De Haan           0  0  0  -1  0   1  1  1  0  0  0/0    19:34   1:47   1:53 
Craig Smith              0  0  0   0  2   0  1  0  0  0  6/17   10:41   0:00   0:00 
Derek Stepan             0  1  1   0  0   0  0  0  0  0  8/10    7:26   0:00   0:48 
Jaden Schwartz           0  0  0  -1  2   3  1  0  0  0  0/3    21:44   1:51   2:00 
Justin Braun             0  0  0  -1  0   0  2  4  0  0  0/0    21:27   1:47   1:50 
Mark Stone               0  0  0  -1  0   5  1  0  0  0  0/0    23:54   1:52   2:18 
Matt Irwin               1  0  1   0  0   1  1  2  0  0  0/0    17:48   1:57   2:17 
Peyton Krebs             0  0  0   0  0   1  1  0  0  0  0/0     5:44   0:00   0:00 
Ryan O'Reilly            0  0  0  -1  0   2  0  0  0  0  13/22  18:48   2:32   1:39 
Scott Harrington         0  0  0   0  0   0  0  0  0  0  0/0    16:55   0:00   0:00 
Seth Jarvis              0  1  1  -1  0   2  1  0  0  0  1/2    21:51   1:52   0:00 
Taylor Hall              0  0  0   0  0   5  0  0  0  0  0/0    11:35   0:00   0:53 
Teuvo Teravainen         0  0  0  -1  2   0  0  0  0  0  1/8    20:56   2:32   1:10 
William Karlsson         0  0  0  -1  0   0  1  0  0  0  11/23  16:37   0:00   0:00 

3 Stars

1 - Sebastian Aho (SAF)
2 - Jared McCann (SAF)
3 - Trevor Moore (SAF)

Power Play

SAN FRANCISCO SPIDERS - 0 on 3 Attempt(s) - 0,00%
LONG BEACH BARACUDAS - 0 on 4 Attempt(s) - 0,00%

Penalty Kill

SAN FRANCISCO SPIDERS - 4 on 4 Attempt(s) - 100,00% - Score 0 goal in Penalty Kill
LONG BEACH BARACUDAS - 3 on 3 Attempt(s) - 100,00% - Score 0 goal in Penalty Kill

Team Stat

SAN FRANCISCO SPIDERS - Hits : 20 - Faceoff Wins : 45 - Blocked Shots : 13 - Penalty Minutes : 10
LONG BEACH BARACUDAS - Hits : 13 - Faceoff Wins : 40 - Blocked Shots : 7 - Penalty Minutes : 8

Official

Referees : Ryan Hersey and Ian Walsh
Linesman : Andrew Smith and Tyson Baker

Game Notes

No Game Note

Finance

Level 1 -- Attendance: 5705 (80,35%) -- Ticket Income 1 112 475 $
Level 2 -- Attendance: 5925 (100,00%) -- Ticket Income 687 300 $
Level 3 -- Attendance: 3035 (74,94%) -- Ticket Income 257 975 $
Level 4 -- Attendance: 5471 (83,21%) -- Ticket Income 300 905 $
Luxury Box -- Attendance: 979 (72,52%) -- Ticket Income 318 175 $
Game was played at the MONSTER ENERGY CENTER.
Total Attendance: 21115 (84,46%)
Total Ticket Income: 2 676 830 $
Other Expense: 26 768 $
Total Income: 2 650 062 $

SAN FRANCISCO SPIDERS

5 vs 5 Forward 
   Center                   Left Wing                Right Wing               Time % Phy DF OF 
 1 Sebastian Aho            Jared McCann             Zach Hyman               35     0   1  4  
 2 Bo Horvat                Andrei Svechnikov        Viktor Arvidsson         35     0   1  4  
 3 Kirby Dach               Trevor Moore             Kyle Palmieri            25     0   3  2  
 4 Dakota Joshua            Trent Frederic           Eeli Tolvanen            5      0   5  0  

5 vs 5 Defense 
   Defense                  Defense                                           Time % Phy DF OF 
 1 Darnell Nurse            Jacob Middleton                                   35     0   4  1  
 2 Michael Anderson         Sean Durzi                                        35     0   4  1  
 3 Erik Gudbranson          Brenden Dillon                                    20     0   4  1  
 4 Darnell Nurse            Brenden Dillon                                    10     0   4  1  

PowerPlay Forward 
   Center                   Left Wing                Right Wing               Time % Phy DF OF 
 1 Sebastian Aho            Andrei Svechnikov        Jared McCann             55     0   0  5  
 2 Bo Horvat                Zach Hyman               Viktor Arvidsson         45     0   0  5  

PowerPlay Defense
   Defense                  Defense                                           Time % Phy DF OF 
 1 Darnell Nurse            Brenden Dillon                                    55     0   1  4  
 2 Michael Anderson         Sean Durzi                                        45     0   1  4  

Penalty Kill 4 Players Forward 
   Center                   Wing                     Time % Phy DF OF 
 1 Zach Hyman               Bo Horvat                55     0   5  0  
 2 Sebastian Aho            Viktor Arvidsson         45     0   5  0  

Penalty Kill 4 Players Defense
   Defense                  Defense                  Time % Phy DF OF 
 1 Darnell Nurse            Brenden Dillon           55     0   5  0  
 2 Jacob Middleton          Sean Durzi               45     0   5  0  

Penalty Kill - 3 Players Forward 
   Forward                                           Time % Phy DF OF 
 1 Zach Hyman                                        55     0   5  0  
 2 Bo Horvat                                         45     0   5  0  

Penalty Kill - 3 Players Defense
   Defense                  Defense                  Time % Phy DF OF 
 1 Darnell Nurse            Brenden Dillon           55     0   5  0  
 2 Jacob Middleton          Sean Durzi               45     0   5  0  

4 vs 4 Forward 
   Center                   Wing                     Time % Phy DF OF 
 1 Zach Hyman               Bo Horvat                55     1   2  2  
 2 Sebastian Aho            Viktor Arvidsson         45     1   2  2  

4 vs 4 Defense
   Defense                  Defense                  Time % Phy DF OF 
 1 Darnell Nurse            Brenden Dillon           55     1   2  2  
 2 Michael Anderson         Sean Durzi               45     1   2  2  

Last Minutes Offensive
   Center                   Left Wing                Right Wing               Defense                  Defense                  
   Zach Hyman               Sebastian Aho            Viktor Arvidsson         Darnell Nurse            Brenden Dillon           

Last Minutes Defensive
   Center                   Left Wing                Right Wing               Defense                  Defense                  
   Zach Hyman               Sebastian Aho            Viktor Arvidsson         Darnell Nurse            Brenden Dillon           

Goaltenders
Starting : Igor Shesterkin          
Backup : Kevin Lankinen           

Extra Forwards
Normal : Dakota Joshua, Jared McCann, Zach Hyman - PP : Dakota Joshua, Jared McCann - PK : Zach Hyman
Extra Defensemen
Normal : Michael Anderson, Jacob Middleton, Brenden Dillon - PP : Michael Anderson - PK : Jacob Middleton, Darnell Nurse
Penalty Shots
Zach Hyman, Bo Horvat, Sebastian Aho, Viktor Arvidsson, Andrei Svechnikov
Custom OT Lines Forwards
Zach Hyman, Bo Horvat, Sebastian Aho, Viktor Arvidsson, Andrei Svechnikov, Jared McCann, Dakota Joshua, Kyle Palmieri, Kirby Dach, Eeli Tolvanen
Custom OT Lines Defensemen
Darnell Nurse, Brenden Dillon, Jacob Middleton, Sean Durzi, Michael Anderson

Scratches
None

LONG BEACH BARACUDAS

5 vs 5 Forward 
   Center                   Left Wing                Right Wing               Time % Phy DF OF 
 1 William Karlsson         Jaden Schwartz           Mark Stone               36     0   2  3  
 2 Ryan O'Reilly            Teuvo Teravainen         Seth Jarvis              31     0   3  2  
 3 Craig Smith              Taylor Hall              Andreas Athanasiou       23     0   3  2  
 4 Derek Stepan             Peyton Krebs             Seth Jarvis              10     0   3  2  

5 vs 5 Defense 
   Defense                  Defense                                           Time % Phy DF OF 
 1 Calvin De Haan           Alexander Romanov                                 36     0   2  3  
 2 Justin Braun             Scott Harrington                                  31     0   3  2  
 3 Matt Irwin               Anton Stralman                                    23     0   3  2  
 4 Anton Stralman           Alexander Romanov                                 10     0   3  2  

PowerPlay Forward 
   Center                   Left Wing                Right Wing               Time % Phy DF OF 
 1 Seth Jarvis              Jaden Schwartz           Mark Stone               55     0   1  4  
 2 Ryan O'Reilly            Teuvo Teravainen         Andreas Athanasiou       45     0   1  4  

PowerPlay Defense
   Defense                  Defense                                           Time % Phy DF OF 
 1 Alexander Romanov        Matt Irwin                                        55     0   5  0  
 2 Justin Braun             Calvin De Haan                                    45     0   5  0  

Penalty Kill 4 Players Forward 
   Center                   Wing                     Time % Phy DF OF 
 1 Teuvo Teravainen         Mark Stone               55     0   3  2  
 2 Ryan O'Reilly            Jaden Schwartz           45     0   3  2  

Penalty Kill 4 Players Defense
   Defense                  Defense                  Time % Phy DF OF 
 1 Calvin De Haan           Alexander Romanov        55     0   4  1  
 2 Justin Braun             Matt Irwin               45     0   4  1  

Penalty Kill - 3 Players Forward 
   Forward                                           Time % Phy DF OF 
 1 Mark Stone                                        55     0   4  1  
 2 Jaden Schwartz                                    45     0   4  1  

Penalty Kill - 3 Players Defense
   Defense                  Defense                  Time % Phy DF OF 
 1 Calvin De Haan           Alexander Romanov        55     0   4  1  
 2 Justin Braun             Matt Irwin               45     0   4  1  

4 vs 4 Forward 
   Center                   Wing                     Time % Phy DF OF 
 1 Teuvo Teravainen         Mark Stone               55     0   2  3  
 2 Derek Stepan             Jaden Schwartz           45     0   2  3  

4 vs 4 Defense
   Defense                  Defense                  Time % Phy DF OF 
 1 Anton Stralman           Matt Irwin               55     0   3  2  
 2 Justin Braun             Alexander Romanov        45     0   3  2  

Last Minutes Offensive
   Center                   Left Wing                Right Wing               Defense                  Defense                  
   William Karlsson         Jaden Schwartz           Mark Stone               Justin Braun             Alexander Romanov        

Last Minutes Defensive
   Center                   Left Wing                Right Wing               Defense                  Defense                  
   William Karlsson         Jaden Schwartz           Seth Jarvis              Scott Harrington         Alexander Romanov        

Goaltenders
Starting : Ukko-Pekka Luukkonen     
Backup : Pyotr Kochetkov          

Extra Forwards
Normal : Jaden Schwartz, Seth Jarvis, Teuvo Teravainen - PP : Jaden Schwartz, Seth Jarvis - PK : Jaden Schwartz
Extra Defensemen
Normal : Matt Irwin, Calvin De Haan, Justin Braun - PP : Matt Irwin - PK : Calvin De Haan, Justin Braun
Penalty Shots
Mark Stone, Seth Jarvis, Ryan O'Reilly, Jaden Schwartz, Teuvo Teravainen
Custom OT Lines Forwards
Mark Stone, William Karlsson, Ryan O'Reilly, Jaden Schwartz, Teuvo Teravainen, Taylor Hall, Andreas Athanasiou, Seth Jarvis, Craig Smith, Derek Stepan
Custom OT Lines Defensemen
Anton Stralman, Alexander Romanov, Justin Braun, Calvin De Haan, Matt Irwin

Scratches
Alex Pietrangelo (Fractured Bone in Left Hand Injury), Cody Glass (Sprained Left Ankle Injury), Ethan Prow (Healthy)

% Time on Ice - SAN FRANCISCO SPIDERS

Lines # - Real PCT - Wanted PCT - Time Play
Normal Forward
1 - 33% - 35% - 15:39
2 - 34% - 35% - 16:20
3 - 27% - 25% - 12:59
4 - 6% - 5% - 2:42
Normal Defense
1 - 36% - 35% - 17:14
2 - 38% - 35% - 18:04
3 - 21% - 20% - 9:50
4 - 5% - 10% - 2:32
PP Forward
1 - 48% - 55% - 2:08
2 - 52% - 45% - 2:16
PP Defense
1 - 38% - 55% - 1:41
2 - 62% - 45% - 2:43
PK Forward
1 - 61% - 55% - 2:41
2 - 39% - 45% - 1:43
PK Defense
1 - 67% - 55% - 2:57
2 - 33% - 45% - 1:27
PK3 Forward
1 - 0% - 55%
2 - 0% - 45%
PK3 Defense
1 - 0% - 55%
2 - 0% - 45%
44 Forward
1 - 61% - 55% - 2:10
2 - 39% - 45% - 1:22
44 Defense
1 - 67% - 55% - 2:21
2 - 33% - 45% - 1:11
Last Minute Offensive  - 0:00
Last Minute Defensive  - 0:00
Total
Forward - 60:00
Defense - 60:00

% Time on Ice - LONG BEACH BARACUDAS

Lines # - Real PCT - Wanted PCT - Time Play
Normal Forward
1 - 35% - 36% - 16:37
2 - 31% - 31% - 14:37
3 - 22% - 23% - 10:42
4 - 12% - 10% - 5:44
Normal Defense
1 - 33% - 36% - 15:41
2 - 35% - 31% - 16:48
3 - 22% - 23% - 10:18
4 - 10% - 10% - 4:53
PP Forward
1 - 42% - 55% - 1:52
2 - 58% - 45% - 2:32
PP Defense
1 - 59% - 55% - 2:37
2 - 41% - 45% - 1:47
PK Forward
1 - 63% - 55% - 2:45
2 - 38% - 45% - 1:39
PK Defense
1 - 48% - 55% - 2:07
2 - 52% - 45% - 2:17
PK3 Forward
1 - 0% - 55%
2 - 0% - 45%
PK3 Defense
1 - 0% - 55%
2 - 0% - 45%
44 Forward
1 - 75% - 55% - 2:38
2 - 25% - 45% - 0:54
44 Defense
1 - 50% - 55% - 1:47
2 - 50% - 45% - 1:45
Last Minute Offensive  - 0:00
Last Minute Defensive  - 0:00
Total
Forward - 60:00
Defense - 60:00

Play-by-Play

1st period


0:01 of 1st period - Sebastian Aho wins face-off versus William Karlsson in neutral zone.
0:14 of 1st period - Shot by Jared McCann.
0:14 of 1st period - Stopped by Ukko-Pekka Luukkonen without a rebound.
0:15 of 1st period - Ryan O'Reilly wins face-off versus Bo Horvat in LONG BEACH BARACUDAS zone.
0:42 of 1st period - Shot by Teuvo Teravainen.
0:42 of 1st period - Shot Misses the Net.
0:51 of 1st period - Shot by Ryan O'Reilly.
0:51 of 1st period - Shot Blocked by Michael Anderson.
0:55 of 1st period - Shot by Seth Jarvis.
0:55 of 1st period - Stopped by Igor Shesterkin without a rebound.
0:56 of 1st period - Kirby Dach wins face-off versus Craig Smith in SAN FRANCISCO SPIDERS zone.
1:30 of 1st period - Icing by Anton Stralman.
1:31 of 1st period - Sebastian Aho wins face-off versus Craig Smith in LONG BEACH BARACUDAS zone.
1:34 of 1st period - Shot by Zach Hyman.
1:34 of 1st period - Shot Misses the Net.
1:47 of 1st period - Icing by Taylor Hall.
1:48 of 1st period - Craig Smith wins face-off versus Eeli Tolvanen in LONG BEACH BARACUDAS zone.
1:58 of 1st period - Icing by Sean Durzi.
1:59 of 1st period - William Karlsson wins face-off versus Dakota Joshua in SAN FRANCISCO SPIDERS zone.
2:30 of 1st period - Shot by Mark Stone.
2:30 of 1st period - Stopped by Igor Shesterkin without a rebound.
2:31 of 1st period - Derek Stepan wins face-off versus Sebastian Aho in SAN FRANCISCO SPIDERS zone.
2:32 of 1st period - Shot by Seth Jarvis.
2:32 of 1st period - Shot Blocked by Darnell Nurse.
2:46 of 1st period - Scott Harrington is hit by Sebastian Aho and loses puck.
2:59 of 1st period - Shot by Darnell Nurse.
2:59 of 1st period - Stopped by Ukko-Pekka Luukkonen with a rebound.
3:01 of 1st period - Shot by Darnell Nurse.
3:01 of 1st period - Goal by Darnell Nurse - SAN FRANCISCO SPIDERS : 1 - LONG BEACH BARACUDAS : 0.
3:02 of 1st period - Bo Horvat wins face-off versus William Karlsson in neutral zone.
3:07 of 1st period - Shot by Bo Horvat.
3:07 of 1st period - Stopped by Ukko-Pekka Luukkonen without a rebound.
3:08 of 1st period - Bo Horvat wins face-off versus William Karlsson in LONG BEACH BARACUDAS zone.
3:21 of 1st period - Icing by Jaden Schwartz.
3:22 of 1st period - William Karlsson wins face-off versus Kirby Dach in LONG BEACH BARACUDAS zone.
3:24 of 1st period - Icing by Jaden Schwartz.
3:25 of 1st period - William Karlsson wins face-off versus Kirby Dach in LONG BEACH BARACUDAS zone.
3:46 of 1st period - Shot by Kyle Palmieri.
3:46 of 1st period - Shot Misses the Net.
3:48 of 1st period - Shot by Darnell Nurse.
3:48 of 1st period - Shot Misses the Net.
3:50 of 1st period - Shot by Kyle Palmieri.
3:50 of 1st period - Shot Blocked by Calvin De Haan.
4:11 of 1st period - Kirby Dach is hit by Calvin De Haan and loses puck.
4:32 of 1st period - Shot by Bo Horvat.
4:32 of 1st period - Stopped by Ukko-Pekka Luukkonen without a rebound.
4:33 of 1st period - Sebastian Aho wins face-off versus Ryan O'Reilly in LONG BEACH BARACUDAS zone.
4:33 of 1st period - Sebastian Aho is hit by Justin Braun.
4:43 of 1st period - Shot by Jared McCann.
4:43 of 1st period - Stopped by Ukko-Pekka Luukkonen without a rebound.
4:44 of 1st period - Bo Horvat wins face-off versus Ryan O'Reilly in LONG BEACH BARACUDAS zone.
4:45 of 1st period - Shot by Andrei Svechnikov.
4:45 of 1st period - Stopped by Ukko-Pekka Luukkonen with a rebound.
4:56 of 1st period - Off-side.
4:57 of 1st period - Sebastian Aho wins face-off versus Craig Smith in neutral zone.
5:35 of 1st period - Justin Braun is hit by Sebastian Aho.
6:20 of 1st period - Shot by Ryan O'Reilly.
6:20 of 1st period - Shot Misses the Net.
6:24 of 1st period - Shot by Ryan O'Reilly.
6:24 of 1st period - Stopped by Igor Shesterkin with a rebound.
7:21 of 1st period - Shot by Jaden Schwartz.
7:21 of 1st period - Stopped by Igor Shesterkin without a rebound.
7:22 of 1st period - Kirby Dach wins face-off versus Derek Stepan in SAN FRANCISCO SPIDERS zone.
8:04 of 1st period - Icing by Brenden Dillon.
8:05 of 1st period - William Karlsson wins face-off versus Kirby Dach in SAN FRANCISCO SPIDERS zone.
8:34 of 1st period - Icing by Sean Durzi.
8:35 of 1st period - Craig Smith wins face-off versus Jared McCann in SAN FRANCISCO SPIDERS zone.
8:40 of 1st period - Shot by Taylor Hall.
8:40 of 1st period - Deflect By Andreas Athanasiou.
8:40 of 1st period - Shot Misses the Net.
8:42 of 1st period - Shot by Calvin De Haan.
8:42 of 1st period - Stopped by Igor Shesterkin without a rebound.
8:43 of 1st period - Bo Horvat wins face-off versus Craig Smith in SAN FRANCISCO SPIDERS zone.
8:56 of 1st period - Shot by Bo Horvat.
8:56 of 1st period - Stopped by Ukko-Pekka Luukkonen without a rebound.
8:57 of 1st period - Sebastian Aho wins face-off versus Ryan O'Reilly in LONG BEACH BARACUDAS zone.
9:11 of 1st period - Icing by Sean Durzi.
9:12 of 1st period - William Karlsson wins face-off versus Sebastian Aho in SAN FRANCISCO SPIDERS zone.
9:30 of 1st period - Icing by Michael Anderson.
9:31 of 1st period - Ryan O'Reilly wins face-off versus Sebastian Aho in SAN FRANCISCO SPIDERS zone.
9:34 of 1st period - Shot by Teuvo Teravainen.
9:34 of 1st period - Shot Misses the Net.
10:24 of 1st period - Shot by Jaden Schwartz.
10:24 of 1st period - Shot Misses the Net.
10:52 of 1st period - Shot by Mark Stone.
10:52 of 1st period - Shot Blocked by Darnell Nurse.
10:54 of 1st period - Shot by Jaden Schwartz.
10:54 of 1st period - Stopped by Igor Shesterkin without a rebound.
10:55 of 1st period - Kirby Dach wins face-off versus Craig Smith in SAN FRANCISCO SPIDERS zone.
11:36 of 1st period - Shot by Kirby Dach.
11:36 of 1st period - Shot Misses the Net.
12:00 of 1st period - Shot by Andrei Svechnikov.
12:00 of 1st period - Shot Blocked by Justin Braun.
12:02 of 1st period - Shot by Bo Horvat.
12:02 of 1st period - Shot Blocked by Justin Braun.
12:04 of 1st period - Shot by Darnell Nurse.
12:04 of 1st period - Stopped by Ukko-Pekka Luukkonen without a rebound.
12:05 of 1st period - Eeli Tolvanen wins face-off versus Ryan O'Reilly in LONG BEACH BARACUDAS zone.
12:16 of 1st period - Shot by Eeli Tolvanen.
12:16 of 1st period - Shot Misses the Net.
12:18 of 1st period - Shot by Eeli Tolvanen.
12:18 of 1st period - Stopped by Ukko-Pekka Luukkonen without a rebound.
12:19 of 1st period - William Karlsson wins face-off versus Andrei Svechnikov in LONG BEACH BARACUDAS zone.
12:30 of 1st period - Shot by Bo Horvat.
12:30 of 1st period - Shot Misses the Net.
13:26 of 1st period - Off-side.
13:27 of 1st period - Derek Stepan wins face-off versus Kirby Dach in neutral zone.
14:40 of 1st period - Craig Smith is hit by Jacob Middleton and loses puck.
15:39 of 1st period - Icing by Scott Harrington.
15:40 of 1st period - Ryan O'Reilly wins face-off versus Dakota Joshua in LONG BEACH BARACUDAS zone.
15:50 of 1st period - Erik Gudbranson is hit by Seth Jarvis and loses puck.
16:00 of 1st period - Minor Penalty to Teuvo Teravainen for Hooking.
16:01 of 1st period - Bo Horvat wins face-off versus Jaden Schwartz in LONG BEACH BARACUDAS zone.
17:32 of 1st period - Shot by Andrei Svechnikov.
17:32 of 1st period - Deflect By Jared McCann.
17:32 of 1st period - Stopped by Ukko-Pekka Luukkonen without a rebound.
17:33 of 1st period - Bo Horvat wins face-off versus Jaden Schwartz in LONG BEACH BARACUDAS zone.
18:02 of 1st period - Shot by Zach Hyman.
18:02 of 1st period - Shot Misses the Net.
18:04 of 1st period - Shot by Kyle Palmieri.
18:04 of 1st period - Stopped by Ukko-Pekka Luukkonen without a rebound.
18:05 of 1st period - Ryan O'Reilly wins face-off versus Kirby Dach in LONG BEACH BARACUDAS zone.
19:02 of 1st period - Seth Jarvis is hit by Dakota Joshua and loses puck.
19:29 of 1st period - Seth Jarvis is hit by Trent Frederic.
19:33 of 1st period - Shot by Eeli Tolvanen.
19:33 of 1st period - Stopped by Ukko-Pekka Luukkonen with a rebound.
19:42 of 1st period - Icing by Seth Jarvis.
19:43 of 1st period - Ryan O'Reilly wins face-off versus Bo Horvat in LONG BEACH BARACUDAS zone.
19:43 of 1st period - Seth Jarvis is hit by Bo Horvat and loses puck.
Goals for this period are 1 for SAN FRANCISCO SPIDERS vs 0 for LONG BEACH BARACUDAS.
Shots for this period are 13 for SAN FRANCISCO SPIDERS vs 6 for LONG BEACH BARACUDAS.

2nd period


0:01 of 2nd period - Bo Horvat wins face-off versus William Karlsson in neutral zone.
0:11 of 2nd period - Icing by Mark Stone.
0:12 of 2nd period - Sebastian Aho wins face-off versus William Karlsson in LONG BEACH BARACUDAS zone.
0:28 of 2nd period - Shot by William Karlsson.
0:28 of 2nd period - Shot Misses the Net.
0:30 of 2nd period - Shot by Mark Stone.
0:30 of 2nd period - Shot Blocked by Darnell Nurse.
0:49 of 2nd period - Shot by Jaden Schwartz.
0:49 of 2nd period - Stopped by Igor Shesterkin without a rebound.
0:50 of 2nd period - Ryan O'Reilly wins face-off versus Bo Horvat in SAN FRANCISCO SPIDERS zone.
1:03 of 2nd period - Shot by Andrei Svechnikov.
1:03 of 2nd period - Stopped by Ukko-Pekka Luukkonen without a rebound.
1:04 of 2nd period - Craig Smith wins face-off versus Kirby Dach in LONG BEACH BARACUDAS zone.
1:04 of 2nd period - Craig Smith is hit by Kirby Dach.
1:27 of 2nd period - Taylor Hall is hit by Jacob Middleton and loses puck.
1:31 of 2nd period - Minor Penalty to Jacob Middleton for Holding.
1:32 of 2nd period - Seth Jarvis wins face-off versus Zach Hyman in SAN FRANCISCO SPIDERS zone.
1:39 of 2nd period - Shot by Mark Stone.
1:39 of 2nd period - Stopped by Igor Shesterkin without a rebound.
1:40 of 2nd period - Zach Hyman wins face-off versus Seth Jarvis in SAN FRANCISCO SPIDERS zone.
1:40 of 2nd period - Zach Hyman is hit by Jaden Schwartz.
1:57 of 2nd period - Minor Penalty to Jaden Schwartz for Holding.
1:58 of 2nd period - Zach Hyman wins face-off versus Teuvo Teravainen in LONG BEACH BARACUDAS zone.
2:13 of 2nd period - Shot by Bo Horvat.
2:13 of 2nd period - Shot Misses the Net.
2:17 of 2nd period - Shot by Zach Hyman.
2:17 of 2nd period - Shot Misses the Net.
2:19 of 2nd period - Shot by Zach Hyman.
2:19 of 2nd period - Shot Misses the Net.
2:21 of 2nd period - Shot by Bo Horvat.
2:21 of 2nd period - Shot Blocked by Justin Braun.
2:23 of 2nd period - Shot by Zach Hyman.
2:23 of 2nd period - Stopped by Ukko-Pekka Luukkonen without a rebound.
2:24 of 2nd period - Sebastian Aho wins face-off versus Teuvo Teravainen in LONG BEACH BARACUDAS zone.
2:53 of 2nd period - Shot by Viktor Arvidsson.
2:53 of 2nd period - Shot Misses the Net.
3:46 of 2nd period - Icing by Michael Anderson.
3:47 of 2nd period - Ryan O'Reilly wins face-off versus Sebastian Aho in SAN FRANCISCO SPIDERS zone.
3:48 of 2nd period - Shot by Taylor Hall.
3:48 of 2nd period - Stopped by Igor Shesterkin without a rebound.
3:49 of 2nd period - Bo Horvat wins face-off versus Ryan O'Reilly in SAN FRANCISCO SPIDERS zone.
4:17 of 2nd period - Shot by Trevor Moore.
4:17 of 2nd period - Deflect By Kirby Dach.
4:17 of 2nd period - Stopped by Ukko-Pekka Luukkonen without a rebound.
4:18 of 2nd period - Craig Smith wins face-off versus Andrei Svechnikov in LONG BEACH BARACUDAS zone.
4:46 of 2nd period - Shot by Taylor Hall.
4:46 of 2nd period - Shot Blocked by Michael Anderson.
4:48 of 2nd period - Shot by Alexander Romanov.
4:48 of 2nd period - Deflect By Taylor Hall.
4:48 of 2nd period - Shot Misses the Net.
4:50 of 2nd period - Shot by Alexander Romanov.
4:50 of 2nd period - Shot Blocked by Sean Durzi.
4:55 of 2nd period - Andreas Athanasiou is hit by Michael Anderson and loses puck.
5:24 of 2nd period - Shot by Sebastian Aho.
5:24 of 2nd period - Stopped by Ukko-Pekka Luukkonen without a rebound.
5:25 of 2nd period - Ryan O'Reilly wins face-off versus Kirby Dach in LONG BEACH BARACUDAS zone.
5:25 of 2nd period - Teuvo Teravainen is hit by Kirby Dach.
5:55 of 2nd period - Shot by Trevor Moore.
5:55 of 2nd period - Stopped by Ukko-Pekka Luukkonen with a rebound.
5:57 of 2nd period - Shot by Trevor Moore.
5:57 of 2nd period - Goal by Trevor Moore - SAN FRANCISCO SPIDERS : 2 - LONG BEACH BARACUDAS : 0.
5:58 of 2nd period - William Karlsson wins face-off versus Sebastian Aho in neutral zone.
6:07 of 2nd period - Shot by Mark Stone.
6:07 of 2nd period - Shot Blocked by Darnell Nurse.
7:09 of 2nd period - Shot by Ryan O'Reilly.
7:09 of 2nd period - Shot Misses the Net.
7:13 of 2nd period - Shot by Teuvo Teravainen.
7:13 of 2nd period - Shot Misses the Net.
7:15 of 2nd period - Shot by Ryan O'Reilly.
7:15 of 2nd period - Shot Blocked by Michael Anderson.
7:17 of 2nd period - Shot by Alexander Romanov.
7:17 of 2nd period - Shot Misses the Net.
7:19 of 2nd period - Shot by Ryan O'Reilly.
7:19 of 2nd period - Stopped by Igor Shesterkin without a rebound.
7:20 of 2nd period - Kirby Dach wins face-off versus Craig Smith in SAN FRANCISCO SPIDERS zone.
7:24 of 2nd period - Icing by Kyle Palmieri.
7:25 of 2nd period - Kirby Dach wins face-off versus Craig Smith in SAN FRANCISCO SPIDERS zone.
7:30 of 2nd period - Shot by Trevor Moore.
7:30 of 2nd period - Shot Misses the Net.
7:35 of 2nd period - Andreas Athanasiou is hit by Kirby Dach and loses puck.
7:55 of 2nd period - Shot by Kirby Dach.
7:55 of 2nd period - Stopped by Ukko-Pekka Luukkonen without a rebound.
7:56 of 2nd period - William Karlsson wins face-off versus Viktor Arvidsson in LONG BEACH BARACUDAS zone.
8:03 of 2nd period - Michael Anderson is hit by William Karlsson.
8:04 of 2nd period - Icing by Michael Anderson.
8:05 of 2nd period - Bo Horvat wins face-off versus William Karlsson in SAN FRANCISCO SPIDERS zone.
8:09 of 2nd period - Off-side.
8:10 of 2nd period - Bo Horvat wins face-off versus Jaden Schwartz in neutral zone.
8:21 of 2nd period - Shot by Bo Horvat.
8:21 of 2nd period - Shot Misses the Net.
8:35 of 2nd period - Shot by Andrei Svechnikov.
8:35 of 2nd period - Shot Misses the Net.
8:37 of 2nd period - Shot by Bo Horvat.
8:37 of 2nd period - Stopped by Ukko-Pekka Luukkonen without a rebound.
8:38 of 2nd period - Sebastian Aho wins face-off versus Teuvo Teravainen in LONG BEACH BARACUDAS zone.
9:18 of 2nd period - Zach Hyman is hit by Anton Stralman.
9:24 of 2nd period - Shot by Jared McCann.
9:24 of 2nd period - Shot Misses the Net.
10:02 of 2nd period - William Karlsson is hit by Andrei Svechnikov and loses puck.
10:20 of 2nd period - Icing by Jacob Middleton.
10:21 of 2nd period - Bo Horvat wins face-off versus Craig Smith in SAN FRANCISCO SPIDERS zone.
10:25 of 2nd period - Off-side.
10:26 of 2nd period - Kirby Dach wins face-off versus Craig Smith in neutral zone.
10:51 of 2nd period - Shot by Andreas Athanasiou.
10:51 of 2nd period - Stopped by Igor Shesterkin with a rebound.
10:53 of 2nd period - Shot by Scott Harrington.
10:53 of 2nd period - Deflect By Taylor Hall.
10:53 of 2nd period - Stopped by Igor Shesterkin without a rebound.
10:54 of 2nd period - Sebastian Aho wins face-off versus William Karlsson in SAN FRANCISCO SPIDERS zone.
11:04 of 2nd period - Michael Anderson is hit by Alexander Romanov and loses puck.
11:21 of 2nd period - Shot by Zach Hyman.
11:21 of 2nd period - Stopped by Ukko-Pekka Luukkonen without a rebound.
11:22 of 2nd period - Bo Horvat wins face-off versus Ryan O'Reilly in LONG BEACH BARACUDAS zone.
11:57 of 2nd period - Shot by Bo Horvat.
11:57 of 2nd period - Stopped by Ukko-Pekka Luukkonen without a rebound.
11:58 of 2nd period - William Karlsson wins face-off versus Sebastian Aho in LONG BEACH BARACUDAS zone.
12:30 of 2nd period - Icing by Alexander Romanov.
12:31 of 2nd period - Bo Horvat wins face-off versus William Karlsson in LONG BEACH BARACUDAS zone.
12:49 of 2nd period - Off-side.
12:50 of 2nd period - Derek Stepan wins face-off versus Kirby Dach in neutral zone.
12:50 of 2nd period - Minor Penalty to Kyle Palmieri for Interference.
12:51 of 2nd period - Zach Hyman wins face-off versus Ryan O'Reilly in SAN FRANCISCO SPIDERS zone.
13:53 of 2nd period - Shot by Jaden Schwartz.
13:53 of 2nd period - Shot Misses the Net.
14:19 of 2nd period - Shot by Jaden Schwartz.
14:19 of 2nd period - Shot Blocked by Brenden Dillon.
14:28 of 2nd period - Off-side.
14:29 of 2nd period - Sebastian Aho wins face-off versus Ryan O'Reilly in neutral zone.
14:35 of 2nd period - Icing by Ryan O'Reilly.
14:36 of 2nd period - Ryan O'Reilly wins face-off versus Sebastian Aho in LONG BEACH BARACUDAS zone.
14:53 of 2nd period - Icing by Peyton Krebs.
14:54 of 2nd period - Derek Stepan wins face-off versus Kirby Dach in LONG BEACH BARACUDAS zone.
14:54 of 2nd period - Derek Stepan is hit by Kirby Dach.
15:17 of 2nd period - Shot by Trevor Moore.
15:17 of 2nd period - Shot Misses the Net.
15:36 of 2nd period - Minor Penalty to Anton Stralman for Interference.
15:37 of 2nd period - Sebastian Aho wins face-off versus Teuvo Teravainen in LONG BEACH BARACUDAS zone.
15:38 of 2nd period - Shot by Andrei Svechnikov.
15:38 of 2nd period - Shot Blocked by Matt Irwin.
15:40 of 2nd period - Shot by Sean Durzi.
15:40 of 2nd period - Shot Misses the Net.
15:49 of 2nd period - Icing by Sean Durzi.
15:50 of 2nd period - Sebastian Aho wins face-off versus Teuvo Teravainen in SAN FRANCISCO SPIDERS zone.
16:03 of 2nd period - Mark Stone is hit by Andrei Svechnikov and loses puck.
16:10 of 2nd period - Shot by Andrei Svechnikov.
16:10 of 2nd period - Shot Blocked by Justin Braun.
16:50 of 2nd period - Calvin De Haan is hit by Zach Hyman and loses puck.
17:21 of 2nd period - Shot by Darnell Nurse.
17:21 of 2nd period - Stopped by Ukko-Pekka Luukkonen without a rebound.
17:22 of 2nd period - Bo Horvat wins face-off versus Teuvo Teravainen in LONG BEACH BARACUDAS zone.
17:23 of 2nd period - Shot by Zach Hyman.
17:23 of 2nd period - Shot Hit the Post.
17:25 of 2nd period - Shot by Darnell Nurse.
17:25 of 2nd period - Stopped by Ukko-Pekka Luukkonen with a rebound.
17:27 of 2nd period - Shot by Brenden Dillon.
17:27 of 2nd period - Stopped by Ukko-Pekka Luukkonen with a rebound.
17:29 of 2nd period - Shot by Brenden Dillon.
17:29 of 2nd period - Shot Misses the Net.
17:37 of 2nd period - Shot by Kirby Dach.
17:37 of 2nd period - Stopped by Ukko-Pekka Luukkonen without a rebound.
17:38 of 2nd period - Kirby Dach wins face-off versus Craig Smith in LONG BEACH BARACUDAS zone.
17:57 of 2nd period - Kyle Palmieri is hit by Craig Smith and loses puck.
18:06 of 2nd period - Shot by Andreas Athanasiou.
18:06 of 2nd period - Shot Blocked by Michael Anderson.
18:08 of 2nd period - Shot by Andreas Athanasiou.
18:08 of 2nd period - Deflect By Taylor Hall.
18:08 of 2nd period - Stopped by Igor Shesterkin without a rebound.
18:09 of 2nd period - Sebastian Aho wins face-off versus William Karlsson in SAN FRANCISCO SPIDERS zone.
18:21 of 2nd period - Jared McCann is hit by Matt Irwin and loses puck.
18:32 of 2nd period - Shot by Sebastian Aho.
18:32 of 2nd period - Stopped by Ukko-Pekka Luukkonen without a rebound.
18:33 of 2nd period - Bo Horvat wins face-off versus Ryan O'Reilly in LONG BEACH BARACUDAS zone.
18:33 of 2nd period - Andrei Svechnikov is hit by Alexander Romanov and loses puck.
19:06 of 2nd period - Shot by Ryan O'Reilly.
19:06 of 2nd period - Shot Misses the Net.
19:08 of 2nd period - Shot by Alexander Romanov.
19:08 of 2nd period - Stopped by Igor Shesterkin without a rebound.
19:09 of 2nd period - Sebastian Aho wins face-off versus William Karlsson in SAN FRANCISCO SPIDERS zone.
19:37 of 2nd period - Shot by Mark Stone.
19:37 of 2nd period - Stopped by Igor Shesterkin without a rebound.
19:38 of 2nd period - Craig Smith wins face-off versus Andrei Svechnikov in SAN FRANCISCO SPIDERS zone.
Goals for this period are 1 for SAN FRANCISCO SPIDERS vs 0 for LONG BEACH BARACUDAS.
Shots for this period are 15 for SAN FRANCISCO SPIDERS vs 9 for LONG BEACH BARACUDAS.

3rd period


0:01 of 3rd period - William Karlsson wins face-off versus Sebastian Aho in neutral zone.
0:10 of 3rd period - Shot by Mark Stone.
0:10 of 3rd period - Stopped by Igor Shesterkin with a rebound.
0:12 of 3rd period - Shot by Mark Stone.
0:12 of 3rd period - Deflect By William Karlsson.
0:12 of 3rd period - Shot Misses the Net.
0:28 of 3rd period - Shot by Zach Hyman.
0:28 of 3rd period - Deflect By Jared McCann.
0:28 of 3rd period - Shot Misses the Net.
0:57 of 3rd period - Off-side.
0:58 of 3rd period - Ryan O'Reilly wins face-off versus Bo Horvat in neutral zone.
0:58 of 3rd period - Ryan O'Reilly is hit by Andrei Svechnikov.
1:12 of 3rd period - Teuvo Teravainen is hit by Sean Durzi and loses puck.
1:55 of 3rd period - Minor Penalty to Craig Smith for Roughing.
1:55 of 3rd period - Minor Penalty to Kyle Palmieri for Delaying the game.
1:56 of 3rd period - Zach Hyman wins face-off versus Teuvo Teravainen in neutral zone.
3:14 of 3rd period - Shot by Sebastian Aho.
3:14 of 3rd period - Stopped by Ukko-Pekka Luukkonen without a rebound.
3:15 of 3rd period - Teuvo Teravainen wins face-off versus Zach Hyman in LONG BEACH BARACUDAS zone.
4:39 of 3rd period - Off-side.
4:40 of 3rd period - Derek Stepan wins face-off versus Bo Horvat in neutral zone.
4:45 of 3rd period - Shot by Seth Jarvis.
4:45 of 3rd period - Stopped by Igor Shesterkin with a rebound.
4:47 of 3rd period - Shot by Matt Irwin.
4:47 of 3rd period - Goal by Matt Irwin - SAN FRANCISCO SPIDERS : 2 - LONG BEACH BARACUDAS : 1.
4:48 of 3rd period - William Karlsson wins face-off versus Bo Horvat in neutral zone.
4:59 of 3rd period - Shot by Bo Horvat.
4:59 of 3rd period - Stopped by Ukko-Pekka Luukkonen without a rebound.
5:00 of 3rd period - Derek Stepan wins face-off versus Sebastian Aho in LONG BEACH BARACUDAS zone.
5:25 of 3rd period - Shot by Peyton Krebs.
5:25 of 3rd period - Shot Blocked by Jared McCann.
6:14 of 3rd period - Shot by Mark Stone.
6:14 of 3rd period - Stopped by Igor Shesterkin without a rebound.
6:15 of 3rd period - Bo Horvat wins face-off versus Craig Smith in SAN FRANCISCO SPIDERS zone.
6:20 of 3rd period - Shot by Bo Horvat.
6:20 of 3rd period - Shot Misses the Net.
6:29 of 3rd period - Icing by Anton Stralman.
6:30 of 3rd period - Craig Smith wins face-off versus Kirby Dach in LONG BEACH BARACUDAS zone.
6:35 of 3rd period - Shot by Taylor Hall.
6:35 of 3rd period - Stopped by Igor Shesterkin with a rebound.
6:39 of 3rd period - Shot by Andreas Athanasiou.
6:39 of 3rd period - Stopped by Igor Shesterkin without a rebound.
6:40 of 3rd period - Ryan O'Reilly wins face-off versus Andrei Svechnikov in SAN FRANCISCO SPIDERS zone.
7:03 of 3rd period - Shot by Bo Horvat.
7:03 of 3rd period - Deflect By Viktor Arvidsson.
7:03 of 3rd period - Shot Misses the Net.
7:09 of 3rd period - Shot by Viktor Arvidsson.
7:09 of 3rd period - Shot Misses the Net.
7:11 of 3rd period - Shot by Viktor Arvidsson.
7:11 of 3rd period - Shot Misses the Net.
8:58 of 3rd period - Shot by Trevor Moore.
8:58 of 3rd period - Stopped by Ukko-Pekka Luukkonen with a rebound.
9:04 of 3rd period - Shot by Taylor Hall.
9:04 of 3rd period - Shot Misses the Net.
9:06 of 3rd period - Shot by Taylor Hall.
9:06 of 3rd period - Stopped by Igor Shesterkin without a rebound.
9:07 of 3rd period - Bo Horvat wins face-off versus Derek Stepan in SAN FRANCISCO SPIDERS zone.
9:35 of 3rd period - Viktor Arvidsson is hit by Justin Braun and loses puck.
9:44 of 3rd period - Andrei Svechnikov is hit by Peyton Krebs and loses puck.
10:00 of 3rd period - Minor Penalty to Darnell Nurse for Slashing.
10:01 of 3rd period - Ryan O'Reilly wins face-off versus Zach Hyman in SAN FRANCISCO SPIDERS zone.
10:02 of 3rd period - Shot by Teuvo Teravainen.
10:02 of 3rd period - Shot Misses the Net.
10:04 of 3rd period - Shot by Andreas Athanasiou.
10:04 of 3rd period - Shot Misses the Net.
10:06 of 3rd period - Shot by Ryan O'Reilly.
10:06 of 3rd period - Shot Blocked by Brenden Dillon.
10:08 of 3rd period - Shot by Teuvo Teravainen.
10:08 of 3rd period - Shot Blocked by Brenden Dillon.
10:10 of 3rd period - Shot by Alexander Romanov.
10:10 of 3rd period - Shot Misses the Net.
12:39 of 3rd period - Icing by Kirby Dach.
12:40 of 3rd period - Derek Stepan wins face-off versus Kirby Dach in SAN FRANCISCO SPIDERS zone.
12:54 of 3rd period - Shot by Seth Jarvis.
12:54 of 3rd period - Shot Misses the Net.
13:04 of 3rd period - Shot by Seth Jarvis.
13:04 of 3rd period - Deflect By Derek Stepan.
13:04 of 3rd period - Shot Misses the Net.
13:06 of 3rd period - Shot by Seth Jarvis.
13:06 of 3rd period - Deflect By Derek Stepan.
13:06 of 3rd period - Shot Misses the Net.
13:08 of 3rd period - Shot by Peyton Krebs.
13:08 of 3rd period - Shot Misses the Net.
13:29 of 3rd period - Off-side.
13:30 of 3rd period - Sebastian Aho wins face-off versus William Karlsson in neutral zone.
13:33 of 3rd period - Shot by Jared McCann.
13:33 of 3rd period - Goal by Jared McCann - SAN FRANCISCO SPIDERS : 3 - LONG BEACH BARACUDAS : 1.
13:34 of 3rd period - Sebastian Aho wins face-off versus William Karlsson in neutral zone.
14:16 of 3rd period - Sebastian Aho is hit by Mark Stone and loses puck.
14:33 of 3rd period - Teuvo Teravainen is hit by Sebastian Aho and loses puck.
14:59 of 3rd period - Ryan O'Reilly is hit by Andrei Svechnikov and loses puck.
18:00 of 3rd period - Shot by Sebastian Aho.
18:00 of 3rd period - Deflect By Zach Hyman.
18:00 of 3rd period - Shot Blocked by Matt Irwin.
18:34 of 3rd period - Icing by Mark Stone.
18:35 of 3rd period - Derek Stepan wins face-off versus Kirby Dach in LONG BEACH BARACUDAS zone.
18:50 of 3rd period - Shot by Peyton Krebs.
18:50 of 3rd period - Stopped by Igor Shesterkin without a rebound.
18:51 of 3rd period - Ryan O'Reilly wins face-off versus Bo Horvat in SAN FRANCISCO SPIDERS zone.
19:35 of 3rd period - Seth Jarvis is hit by Bo Horvat and loses puck.
19:59 of 3rd period - Minor Penalty to Darnell Nurse for Interference.
Goals for this period are 1 for SAN FRANCISCO SPIDERS vs 1 for LONG BEACH BARACUDAS.
Shots for this period are 4 for SAN FRANCISCO SPIDERS vs 8 for LONG BEACH BARACUDAS.


BLAKE
WHEELER
STEVEN
STAMKOS
DREW
DOUGHTY

EAST COAST

HOCKEY LEAGUE

  • 63.RHI2PIT5
  • 64.WOR4ATL3
  • 65.QUECHW
  • 66.CHATRV